 Dungeon Crawl Stone Soup version 0.17.1-2-g5865329 (webtiles) character file.

764 MrTails the Cleaver (level 7, -2/57 HPs)
             Began as a Minotaur Berserker on Feb 16, 2016.
             Was a Priest of Trog.
             Slain by a gnoll sergeant
             ... wielding a +0 spear
              (12 damage)
             ... on level 4 of the Dungeon.
             The game lasted 00:28:28 (4384 turns).

MrTails the Cleaver (Minotaur Berserker)            Turns: 4384, Time: 00:28:28

Health: -2/57      AC:  5    Str: 23    XL:     7   Next: 51%
Magic:  6/6        EV: 11    Int:  4    God:    Trog [***...]
Gold:   182        SH:  0    Dex: 10    Spells: 0 memorised, 6 levels left

rFire  + . .     SeeInvis .     a - +1 hand axe
rCold  x . .     Clarity  .     w - +0 ring mail
rNeg   . . .     SustAt   .     (no shield)
rPois  .         Gourm    .     (helmet restricted)
rElec  .         Spirit   .     (no cloak)
rCorr  .         Warding  .     (no gloves)
rMut   .         Stasis   .     (no boots)
MR     .....                    (no amulet)
Stlth  +.........               (no ring)
                                k - ring of fire

@: exhausted, slowed, very slow, not resistant to hostile enchantments, very
unstealthy
A: retaliatory headbutt, horns 2
a: Berserk, Trog's Hand, Burn Spellbooks, Renounce Religion


You were on level 4 of the Dungeon.
You worshipped Trog.
Trog was most pleased with you.
You were hungry.

You visited 1 branch of the dungeon, and saw 5 of its levels.

You collected 182 gold pieces.

Inventory:

Hand Weapons
 a - a +1 hand axe (weapon)
Armour
 w - a +0 ring mail (worn)
 x - a +0 ring mail of fire resistance
Jewellery
 k - a ring of fire (left hand)
 t - an uncursed ring of stealth {unknown}
Scrolls
 e - 9 scrolls of identify
 f - 2 scrolls of magic mapping
 i - a scroll of immolation {unknown}
 m - a scroll of remove curse
 p - a scroll of teleportation
 q - a scroll of recharging {unknown}
 s - a scroll of fear {unknown}
Potions
 g - a potion of beneficial mutation {unknown}
 h - a potion of curing {unknown}
 n - a potion of mutation {unknown}
 r - a potion of haste {unknown}
 u - a potion of brilliance {unknown}
 v - 3 potions of heal wounds {unknown}
Comestibles
 b - a slice of pizza
 c - a chunk of flesh
 d - 4 fruits
 j - a beef jerky
 l - 3 bread rations
 o - a royal jelly


   Skills:
 - Level 3.6 Fighting
 * Level 10.3 Axes
 - Level 2.4 Armour
 - Level 2.1 Dodging
 + Level 1.5 Stealth


You had 6 spell levels left.
You didn't know any spells.

Dungeon Overview and Level Annotations

Branches:
Dungeon (5/15)
 Temple: D:4-7

Altars:
Makhleb


Innate Abilities, Weirdness & Mutations

You reflexively headbutt those who attack you in melee.
You have a pair of horns on your head.


Message History

The gnoll barely misses you. The gnoll misses you. The gnoll barely misses you.
The gnoll sergeant hits you with a spear.
The gnoll hits you with a spear. The gnoll closely misses you.
There is a stone staircase leading up here.
You can't go down here!
The gnoll hits you with a spear.
The gnoll sergeant hits you with a spear.
* * * LOW HITPOINT WARNING * * *
The gnoll hits you.
* * * LOW HITPOINT WARNING * * *
The gnoll hits you from afar with a halberd.
* * * LOW HITPOINT WARNING * * *
You climb upwards.
There is a stone staircase leading down here.
Unknown command.
The gnoll barely misses you. The gnoll sergeant barely misses you.
The crimson imp barely misses you. You furiously retaliate!
You headbutt the crimson imp.
The gnoll sergeant hits you with a spear!
You die...

## #...# ####...#..# #)# .# ###.#
###.#.## #.. .# #.# #......# #.#
.# #.# #......# #.# ## #.##
##.[(...# #.. #
#..####.......####.. ##
###...............#.. .##
######.......#......##....
..######......##@5..#......###...
.......<.#######ggg.######## #...
.................#.## #...
..################## #### ..# .##
##


You could see a gnoll sergeant, 2 gnolls and a crimson imp.

Vanquished Creatures
  Sigmund (D:4)
  An ogre (D:4)
  4 hounds (D:4)
  An orc priest (D:5)
  Ijyb (D:2)
  Jessica (D:2)
  2 orc wizards
  2 worker ants (D:4)
  A hound skeleton (D:4)
  5 adders
  4 gnolls
  2 oozes (D:3)
  3 worms
  A giant gecko (D:1)
  13 orcs
  4 giant cockroaches
  7 goblins
  7 hobgoblins
  2 jackals (D:2)
  3 quokkas
  A ball python (D:4)
  9 bats
  12 giant newts
  6 kobolds
  7 rats
100 creatures vanquished.

Notes
Turn   | Place    | Note
--------------------------------------------------------------
     0 | D:1      | MrTails the Minotaur Berserker began the quest for the Orb.
     0 | D:1      | Reached XP level 1. HP: 19/19 MP: 0/0
   340 | D:1      | Reached skill level 4 in Axes
   525 | D:1      | Reached XP level 2. HP: 24/26 MP: 1/1
  1151 | D:1      | Reached ** piety under Trog
  1151 | D:1      | Reached skill level 5 in Axes
  1740 | D:2      | Reached XP level 3. HP: 22/31 MP: 2/2
  2204 | D:2      | Reached XP level 4. HP: 37/39 MP: 3/3
  2217 | D:2      | Reached skill level 6 in Axes
  2393 | D:2      | Noticed Jessica
  2398 | D:2      | Killed Jessica
  2449 | D:2      | Noticed Ijyb
  2462 | D:2      | Killed Ijyb
  2462 | D:2      | Reached XP level 5. HP: 40/45 MP: 4/4
  2677 | D:3      | Reached skill level 7 in Axes
  2961 | D:3      | Found a faded altar to an unknown god.
  3261 | D:3      | Reached *** piety under Trog
  3529 | D:4      | Noticed an ogre
  3539 | D:4      | Killed an ogre
  3539 | D:4      | Reached skill level 8 in Axes
  3539 | D:4      | Reached skill level 1 in Stealth
  3539 | D:4      | Reached XP level 6. HP: 51/51 MP: 5/5
  3867 | D:4      | Noticed Sigmund
  3896 | D:4      | Killed Sigmund
  3896 | D:4      | Reached skill level 9 in Axes
  3896 | D:4      | Reached XP level 7. HP: 57/57 MP: 6/6
  4221 | D:4      | Found a burning altar of Makhleb.
  4224 | D:4      | Reached skill level 10 in Axes
  4337 | D:5      | Entered Level 5 of the Dungeon
  4384 | D:4      | Slain by a gnoll sergeant

Action                   |  1- 3 |  4- 6 |  7- 9 || total
-------------------------+-------+-------+-------++-------
Melee: Hand axe          |    60 |   121 |    20 ||   201
Invok: Berserk           |       |     3 |     1 ||     4
  Use: Scroll            |       |     7 |       ||     7
  Eat: Bread ration      |     1 |       |       ||     1
       Fruit             |     1 |       |       ||     1
       Meat ration       |       |     1 |       ||     1
       Chunk             |       |     1 |     3 ||     4
